 Dungeon Crawl Stone Soup version 0.26-a0-466-g989023bd0d (webtiles) character file.

Game seed: 14003263831676980418

65 Goblin1989 the Sneak (level 3, -2/42 HPs)
             Began as a Demonspawn Brigand on Aug 6, 2020.
             Slain by an adder (3 damage)
             ... on level 2 of the Dungeon.
             The game lasted 00:02:38 (1732 turns).

Goblin1989 the Sneak (Demonspawn Brigand)           Turns: 1732, Time: 00:02:39

Health: -2/42      AC:  5    Str: 11    XL:     3   Next: 92%
Magic:  3/3        EV: 12    Int: 12    God:
Gold:   39         SH:  0    Dex: 15    Spells: 2/2 levels left

rFire    . . .     SeeInvis .   n - +1 dagger (vamp)
rCold    + . .     Faith    .   (no shield)
rNeg     . . .     Spirit   .   b - +0 robe
rPois    .         Reflect  .   (no helmet)
rElec    .         Harm     .   c - +0 cloak
rCorr    .                      (no gloves)
MR       .....                  (no boots)
Stlth    ..........             (no amulet)
HPRegen  0.14/turn              (no ring)
MPRegen  0.08/turn              (no ring)

@: berserking, lethally poisoned (-2 -> -7), flying, very quick
A: icy blue scales 1, cold resistance 1
a: no special abilities


You were on level 2 of the Dungeon.
You visited 1 branch of the dungeon, and saw 2 of its levels.

You collected 39 gold pieces.

Inventory:

Hand Weapons
 a - a +2 dagger
 k - a +2 vorpal hand axe
 n - a +1 vampiric dagger (weapon)
Missiles
 d - 8 poisoned darts (quivered)
 e - 2 curare-tipped darts
 s - 69 stones {@Q3}
 t - 39 sling bullets
Armour
 b - a +0 robe (worn)
 c - a +0 cloak (worn)
 l - a +2 hat
 q - a +0 pair of gloves
Jewellery
 p - an uncursed amulet of guardian spirit {unknown}
Scrolls
 f - a scroll of teleportation {unknown}
 h - 5 scrolls of remove curse {unknown}
 i - a scroll of enchant weapon {unknown}
 m - 3 scrolls of identify {unknown}
 o - a scroll of immolation {unknown}
 r - a scroll of enchant armour {unknown}
 v - a scroll of fear {unknown}
Potions
 j - a potion of flight
 u - a potion of might {unknown}


   Skills:
 + Level 2.6 Fighting
 * Level 2.7 Short Blades
 - Level 1.7 Throwing
 + Level 1.6 Dodging
 + Level 4.0 Stealth


You had 2 spell levels left.
You didn't know any spells.
Your spell library was empty.

Dungeon Overview and Level Annotations

Branches:
Dungeon (2/15)

Altars:


Innate Abilities, Weirdness & Mutations

You are partially covered in icy blue scales. (AC +2)
Your flesh is cold resistant. (rC+)


Message History

The adder completely misses you. The bat closely misses you.
The adder barely misses you.
You take 1 damage, and have 24/28 hp.
You barely miss the adder. The bat hits you but does no damage.
The adder bites you.
You take 3 damage, and have 21/28 hp.
You hit the adder.
The adder is moderately wounded.
The bat closely misses you. The adder bites you.
You are more poisoned.
The adder poisons you!
You take 4 damage, and have 17/28 hp.
You barely miss the adder.
The adder is moderately wounded.
You feel sick. The bat misses you. The adder bites you but does no damage.
You take 1 damage, and have 16/28 hp.
You are too injured to fight recklessly!
You are too injured to fight recklessly!
You are too injured to fight recklessly!
You are too injured to fight recklessly!
You are too injured to fight recklessly!
You are too injured to fight recklessly!
You are too injured to fight recklessly!
You are too injured to fight recklessly!
You are too injured to fight recklessly!
You are too injured to fight recklessly!
You are too injured to fight recklessly!
You are too injured to fight recklessly!
You are too injured to fight recklessly!
You are too injured to fight recklessly!
You are too injured to fight recklessly!
You are too injured to fight recklessly!
You are too injured to fight recklessly!
You are too injured to fight recklessly!
You are too injured to fight recklessly!
You are too injured to fight recklessly!
You are too injured to fight recklessly!
You are too injured to fight recklessly!
You miss the adder.
The adder is moderately wounded.
You feel sick. The bat closely misses you. The adder barely misses you.
You take 1 damage, and have 15/28 hp.
You miss the adder.
The adder is moderately wounded.
The bat hits you but does no damage. The adder barely misses you.
You miss the adder.
The adder is moderately wounded.
You feel sick. The bat hits you but does no damage. The bat barely misses you.
The bat closely misses you. The adder closely misses you.
You take 1 damage, and have 14/28 hp.
You barely miss the adder.
The adder is moderately wounded.
The bat hits you. The adder barely misses you.
The bat hits you but does no damage.
You take 1 damage, and have 13/28 hp.
You miss the adder.
The adder is moderately wounded.
You feel sick. The bat closely misses you. The adder closely misses you.
You take 1 damage, and have 12/28 hp.
You barely miss the adder.
The adder is moderately wounded.
The bat closely misses you. The adder bites you.
* * * LOW HITPOINT WARNING * * *
You are lethally poisoned!
The adder poisons you!
You take 1 damage, and have 11/28 hp.
You hit the adder.
You feel better.
The adder is severely wounded.
* * * LOW HITPOINT WARNING * * *
You feel sick. The adder completely misses you. The bat closely misses you.
You barely miss the adder.
The adder is severely wounded.
* * * LOW HITPOINT WARNING * * *
You feel sick. The bat barely misses you. The adder barely misses you.
You take 1 damage, and have 11/28 hp.
You hit the adder but do no damage.
The adder is severely wounded.
The bat hits you but does no damage. The adder bites you.
* * * LOW HITPOINT WARNING * * *
The adder barely misses you.
You take 3 damage, and have 8/28 hp.
You hit the adder.
You feel better.
The adder is almost dead.
* * * LOW HITPOINT WARNING * * *
You feel sick. The bat barely misses you. The adder barely misses you.
It was a potion of flight.
You feel very buoyant.
You fly up into the air.
* * * LOW HITPOINT WARNING * * *
You feel sick. The bat barely misses you. The adder bites you.
* * * LOW HITPOINT WARNING * * *
You take 6 damage, and have 2/28 hp.
MASSIVE DAMAGE!!
It was a potion of berserk rage.
A red film seems to cover your vision as you go berserk!
You feel yourself moving faster!
You feel mighty!
* * * LOW HITPOINT WARNING * * *
You feel sick. The bat hits you.
* * * LOW HITPOINT WARNING * * *
The bat hits you but does no damage. The adder bites you.
You die...

█.......█ █.......█
███.......█ .........█
.█ █.......█ .█
█.......█ .█ █.......█
.██████████....S..████..
.██........†....@......█
.........†..<...b..█████
.██.██████████████...█
........... ...█
███.███████ ███
█........


█████████ You could see an adder and a bat.

Vanquished Creatures
  2 oozes (D:1)
  3 worms (D:2)
  3 giant cockroaches
  4 goblins
  10 hobgoblins
  7 jackals (D:2)
  A ball python (D:1)
  A bat (D:1)
  2 frilled lizards
  6 kobolds
  5 rats
44 creatures vanquished.

Notes
Turn   | Place    | Note
-------+----------+-------------------------------------------
     0 | D:1      | Goblin1989 the Demonspawn Brigand began the quest for the
                  | Orb.
     0 | D:1      | Reached XP level 1. HP: 16/16 MP: 1/1
    37 | D:1      | Reached skill level 1 in Dodging
   292 | D:1      | Gained mutation: Your flesh is cold resistant. (rC+)
                  | [demonic ancestry]
   292 | D:1      | Reached XP level 2. HP: 18/22 MP: 2/2
   944 | D:1      | Gained mutation: You are partially covered in icy blue
                  | scales. (AC +2) [demonic ancestry]
   944 | D:1      | Reached XP level 3. HP: 28/28 MP: 3/3
  1591 | D:2      | Reached skill level 4 in Stealth
  1732 | D:2      | HP: 2/42 [poisoned by an adder]
  1732 | D:2      | Slain by an adder

Illustrated notes

Levels and vault maps discovered:
D:1:      shiori_arrival_oz, layout_loops_ring, minmay_splitting_lines,
          minivault_23
D:2:      layout_rooms

Skill      XL: |  1  2  3 |
---------------+----------+-----
Dodging        | 1 |  1.6
Short Blades   | 2 |  2.7
Stealth        | 4 |  4.0
Fighting       | |  2.6
Throwing       | |  1.7

Action                   || total
-------------------------++-------
Melee: Dagger            ||   227
  Use: Potion            ||     2
 Stab: Sleeping          ||     3
Armor: Robe              ||    75
Dodge: Dodged            ||   166

Table legend: (Time is in decaauts)
 A = Elapsed time spent in this place.
 B = Non-inter-level travel time spent in this place.
 C = Inter-level travel time spent in this place.
 D = Time resting spent in this place.
 E = Time spent auto-exploring this place.
 F = Levels seen in this place.
 G = Mean time per level.
                   A        B        C        D        E       F      G
               +--------+--------+--------+--------+--------+-----+--------+
         Total |   1702 |   1669 |     33 |      0 |   1292 |   2 |  851.0 |
       Dungeon |   1702 |   1669 |     33 |      0 |   1292 |   2 |  851.0 |
               +--------+--------+--------+--------+--------+-----+--------+

Top non-repeatable levels by time:
     D:1: 1084 daAuts
     D:2: 618 daAuts
